 Dungeon Crawl Stone Soup version 0.30-a0-1074-g5db6f66fbb (webtiles) character file.

Game seed: 16370348246964405494

28631 KarmaKiller the Impaler (level 13, -1/122 HPs)
             Began as a Minotaur Berserker on Apr 12, 2023.
             Was an Elder of Trog.
             Killed by divine providence
             ... invoked by a meliai
              (15 damage)
             ... on level 13 of the Dungeon on Apr 13, 2023.
             The game lasted 01:16:44 (14646 turns).

KarmaKiller the Impaler (Minotaur Berserker)       Turns: 14646, Time: 01:16:45

Health: -1/122     AC: 33    Str: 26    XL:     13   Next: 10%
Magic:  20/20      EV:  9    Int:  9    God:    Trog [****..]
Gold:   166        SH:  0    Dex: 11    Spells: 12/12 levels left

rFire   . . .      SeeInvis .    w - +8 demon blade "Leech" {evervamp, Harm Drain rN+}
rCold   . . .      Faith    .    (no shield)
rNeg    + . .      Spirit   .    c - +5 plate armour {ponderous}
rPois   +          Reflect  .    I - +3 hat of Pondering {ponderous, Will+ MP+10 Int+5}
rElec   .          Rampage  .    N - +2 cloak {rPois}
rCorr   .          Harm     + .  P - +1 pair of gloves
Will    ++...                    J - +1 pair of boots {Fly} Stlth
                                 T - amulet of regeneration
HPRegen 1.20/turn                (no ring)
MPRegen 0.17/turn                (no ring)

@: lethally poisoned (-1 -> -1), on berserk cooldown, flying, slowed, very slow
A: horns 2, retaliatory headbutt, low MP 1, strong-willed 1, MP-powered wands
a: Renounce Religion, Berserk, Trog's Hand, Brothers in Arms


You were on level 13 of the Dungeon.
You worshipped Trog.
Trog was greatly pleased with you.
You visited 1 branch of the dungeon, and saw 13 of its levels.
You also visited: Bailey.

You collected 1995 gold pieces.
You spent 1829 gold pieces at shops.

Inventory:

Hand Weapons
 a - a +0 falchion of protection
 l - a +1 short sword of freezing
 m - a +0 dagger of speed
 w - the +8 demon blade "Leech" (weapon) {evervamp, Harm Drain rN+}
   (You bought it in a shop on level 12 of the Dungeon)

   rN:        It protects you from negative energy.
   Drain:     It drains your maximum health when unequipped.
   Harm:      It increases damage dealt and taken.
 y - a +0 scythe of venom
 C - a +0 hand axe of venom
 F - a +3 dire flail
 G - a +4 halberd
 L - a +1 dagger of venom
 M - a +2 mace of holy wrath
 O - a +4 dagger of freezing
 Q - a +2 vampiric spear
Missiles
 o - 34 poisoned darts (quivered)
 U - a throwing net
Armour
 c - a +5 plate armour of ponderousness (worn)
 I - the +3 hat of Pondering (worn) {ponderous, Will+ MP+10 Int+5}
   (You found it in a bailey)

   Int:       It affects your intelligence (+5).
   MP:        It affects your magic capacity (+10).
   Will:      It increases your willpower.
 J - a +1 pair of boots of flying (worn)
 N - a +2 cloak of poison resistance (worn)
 P - a +1 pair of gloves (worn)
 R - a +2 buckler
Jewellery
 d - a +6 ring of intelligence
 z - an amulet of guardian spirit
 T - an amulet of regeneration (around neck)
 X - a ring of ice
Wands
 n - a wand of polymorph (12)
 r - a wand of iceblast (6)
 v - a wand of paralysis (3)
 x - a wand of flame (58)
 Y - a wand of mindburst (11)
Scrolls
 g - 4 scrolls of vulnerability
 j - 4 scrolls of poison
 k - 4 scrolls of fog
 A - 2 scrolls of noise
 E - 5 scrolls of identify
 H - 2 scrolls of fear
 K - 4 scrolls of teleportation
 W - 2 scrolls of amnesia {unknown}
 Z - a scroll of enchant weapon {unknown}
Potions
 e - 4 potions of attraction
 h - 2 potions of brilliance
 i - 5 potions of flight
 q - 2 potions of might
 s - 2 potions of magic
 t - 9 potions of curing
 u - a potion of ambrosia
 B - a potion of resistance
 D - a potion of cancellation
 V - a potion of haste
Miscellaneous
 S - a phial of floods


   Skills:
 + Level 13.5 Fighting
 + Level 7.6 Long Blades
 + Level 16.2 Polearms
 + Level 14.5 Armour
 + Level 4.5 Dodging
 + Level 1.2 Stealth


You had 12 spell levels left.
You didn't know any spells.
Your spell library was empty.

Dungeon Overview and Level Annotations

Branches:
Dungeon (13/15)            Temple (0/1) D:6            Lair (0/5) D:11
    Orc (0/2) D:9          Bailey (visited)
 Vaults: D:13-14

Altars:
Fedhas
Gozag
Qazlal

Shops:
D:5 !   D:8 !   D:12 ?!([:   D:13 **

Annotations:
D:13 exclusion: ice statue, Dordric's ghost, journeyman DsBe


Innate Abilities, Weirdness & Mutations

You have a pair of horns on your head.
You reflexively headbutt those who attack you in melee.
Your magical capacity is low. (-10% MP)
You are strong-willed. (Will+)
You expend magic power (3 MP) to strengthen your wands.


Message History

You feel extremely sick. Dordric's ghost barely misses you.
You feel much better.
You feel very sick. Dordric's ghost barely misses you.
The meliai invokes the aid of its god against you.
Something smites you!
Dordric's ghost yells, "Who would have thought, even in death it is a pleasure to sever!"
Dordric's ghost hits you!
* * * LOW HITPOINT WARNING * * *
You closely miss Dordric's ghost. You headbutt Dordric's ghost!
Dordric's ghost is almost destroyed.
You feel very sick.
Dordric's ghost hits you but does no damage.
You hit Dordric's ghost but do no damage.
Your headbutt misses Dordric's ghost.
Dordric's ghost is almost destroyed.
You feel very sick.
The meliai calls down the wrath of its god upon you.
Something smites you!
* * * LOW HITPOINT WARNING * * *
Dordric's ghost hits you!
* * * LOW HITPOINT WARNING * * *
Dordric's ghost hits you but does no damage.
You feel much better.
You feel sick.
Dordric's ghost hits you but does no damage.
You closely miss Dordric's ghost. You headbutt Dordric's ghost.
Dordric's ghost is almost destroyed.
You feel sick. Dordric's ghost hits you!
* * * LOW HITPOINT WARNING * * *
Dordric's ghost hits you.
* * * LOW HITPOINT WARNING * * *
Blink to where?
Press: ? - help, Dir - move target
As you read the scroll of blinking, it crumbles to dust.
You feel sick.
You fail to use your ability.
You feel sick.
The meliai mumbles some strange prayers to its god against you.
Something smites you!
You die...

,........#####.$$_W$y#.........#
,............##$.$WC##......[.##
,.............##'DH############
,......#..##.......ยง....#
*##.......#..........##.#
,......#.####.#.#..####y#
,......#.# #.#....# #.#
*#####*#.# #.#########y#
,,,,,,,..# #[..@....Wy.#
********** #############


You could see a vampire mosquito, a meliai and Dordric's ghost.

Vanquished Creatures
  A storm dragon (D:13)
  Josephine (D:12)
  Erolcha (D:9)
  Fannar (D:10)
  A hydra (D:13)
  11 two-headed ogres
  5 skeletal warriors (D:12)
  An orc knight (Bailey)
  A cyclops (D:11)
  2 ugly things (D:12)
  A manticore (D:13)
  Maurice (D:8)
  2 kobold demonologists
  A troll (D:12)
  Grinder (D:3)
  A hornet (D:11)
  7 slime creatures
  3 shadows
  Sigmund (D:5)
  7 wraiths
  A basilisk (D:12)
  12 yaks (D:10)
  4 vampire mosquitoes (D:12)
  A wyvern (D:10)
  2 hogs (D:10)
  A human (D:10)
  2 steam dragons
  2 acid dragons
  A swamp drake (D:9)
  10 orc warriors
  2 black bears
  2 ice beasts
  15 ogres
  4 centaurs
  2 phantoms
  2 kobold brigands (D:8)
  3 bullfrogs
  2 gnoll sergeants
  2 scorpions
  9 wights
  4 killer bees (D:9)
  3 howler monkeys
  5 hounds
  10 orc priests
  5 jellies
  4 sleepcaps
  An iguana (D:5)
  Terence (D:3)
  Natasha (thrice) (D:2)
  18 orc wizards
  Robin (D:3)
  10 adders
  15 gnolls
  5 shadow imps
  2 white imps
  An ufetubus (D:5)
  A worm (D:2)
  A dart slug (D:4)
  51 orcs
  6 bats
  8 endoplasms
  2 giant cockroaches
  23 goblins
  7 hobgoblins
  2 jackals (D:2)
  28 kobolds
  2 quokkas
  5 ball pythons
  3 frilled lizards
  7 rats
363 creatures vanquished.

Vanquished Creatures (others)
  6 plants
6 creatures vanquished.

Grand Total: 369 creatures vanquished

Notes
Turn   | Place    | Note
-------+----------+-------------------------------------------
     0 | D:1      | KarmaKiller the Minotaur Berserker began the quest for the
                  | Orb.
     0 | D:1      | Reached XP level 1. HP: 19/19 MP: 0/0
   245 | D:1      | Reached XP level 2. HP: 24/27 MP: 1/1
   508 | D:1      | Found a faded altar of an unknown god.
   894 | D:2      | Reached XP level 3. HP: 33/33 MP: 2/2
  1047 | D:2      | Reached ** piety under Trog
  1101 | D:2      | Reached XP level 4. HP: 40/41 MP: 3/3
  1215 | D:2      | Noticed Natasha
  1226 | D:2      | Killed Natasha
  1227 | D:2      | Reached skill level 5 in Long Blades
  1638 | D:2      | Noticed Natasha
  1645 | D:2      | Killed Natasha
  1723 | D:2      | Noticed Natasha
  1731 | D:2      | Killed Natasha
  1732 | D:2      | Reached XP level 5. HP: 47/47 MP: 4/4
  2176 | D:3      | Noticed Terence
  2184 | D:3      | Killed Terence
  2273 | D:3      | You fall into a shaft and drop 1 floor!
  2773 | D:4      | Noticed a black bear
  2779 | D:4      | Reached XP level 6. HP: 55/55 MP: 5/5
  3312 | D:3      | Noticed Robin
  3328 | D:3      | Killed Robin
  3329 | D:3      | Reached skill level 5 in Fighting
  3519 | D:3      | Reached skill level 5 in Armour
  3519 | D:3      | Noticed Grinder
  3521 | D:3      | Paralysed by Grinder for 3 turns
  3531 | D:3      | Paralysed by Grinder for 3 turns
  3535 | D:3      | Killed Grinder
  3536 | D:3      | Reached XP level 7. HP: 47/61 MP: 6/6
  4280 | D:5      | Entered Level 5 of the Dungeon
  4280 | D:5      | Noticed Sigmund
  4285 | D:5      | Killed Sigmund
  4673 | D:5      | Reached skill level 1 in Polearms
  4774 | D:5      | Reached XP level 8. HP: 70/70 MP: 7/7
  4776 | D:5      | Reached skill level 2 in Polearms
  4784 | D:5      | Reached skill level 3 in Polearms
  5245 | D:5      | Found Afuhofie's Distillery.
  5253 | D:5      | Bought a potion of might for 60 gold pieces
  5253 | D:5      | Bought a potion of heal wounds for 75 gold pieces
  5253 | D:5      | Bought a potion of heal wounds for 75 gold pieces
  5328 | D:5      | Reached skill level 4 in Polearms
  5619 | D:6      | Gained mutation: You have a somewhat thin skeletal
                  | structure. (Dex +2, Stealth+) [potion of mutation]
  5619 | D:6      | Gained mutation: You possess an exceptional clarity of
                  | mind. [potion of mutation]
  5619 | D:6      | Gained mutation: You have an increased reservoir of magic.
                  | (+10% MP) [potion of mutation]
  5620 | D:6      | Lost mutation: You have an increased reservoir of magic.
                  | (+10% MP) [potion of mutation]
  5620 | D:6      | Lost mutation: You possess an exceptional clarity of mind.
                  | [potion of mutation]
  5620 | D:6      | Lost mutation: You have a somewhat thin skeletal structure.
                  | (Dex +2, Stealth+) [potion of mutation]
  5620 | D:6      | Gained mutation: You expend magic power (3 MP) to
                  | strengthen your wands. [potion of mutation]
  5620 | D:6      | Gained mutation: Your magical capacity is low. (-10% MP)
                  | [potion of mutation]
  5620 | D:6      | Gained mutation: You are strong-willed. (Will+) [potion of
                  | mutation]
  5806 | D:6      | Reached skill level 5 in Polearms
  5926 | D:6      | Found a staircase to the Ecumenical Temple.
  6064 | D:6      | Reached skill level 6 in Polearms
  6975 | D:7      | Reached XP level 9. HP: 69/78 MP: 5/7
  7048 | D:7      | Reached skill level 7 in Polearms
  7053 | D:7      | Reached *** piety under Trog
  7725 | D:7      | Reached skill level 8 in Polearms
  8204 | D:8      | Found a stormy altar of Qazlal.
  8288 | D:8      | Found Sashruph's Distillery.
  8318 | D:8      | Bought a potion of curing for 42 gold pieces
  8318 | D:8      | Bought a potion of curing for 42 gold pieces
  8318 | D:8      | Bought a potion of heal wounds for 70 gold pieces
  8318 | D:8      | Bought a potion of curing for 42 gold pieces
  8413 | D:8      | Found a transporter.
  8421 | D:8      | Found a transporter.
  8621 | D:8      | Found a flagged portal.
  8631 | Bailey   | Entered a bailey
  8740 | Bailey   | Reached skill level 9 in Polearms
  8740 | Bailey   | Reached skill level 1 in Stealth
  8832 | Bailey   | Noticed an orc knight
  8844 | Bailey   | Killed an orc knight
  8844 | Bailey   | Reached **** piety under Trog
  8845 | Bailey   | Reached XP level 10. HP: 90/90 MP: 8/8
  8845 | Bailey   | Found the +3 hat of Pondering {ponderous, Will+ MP+10
                  | Int+5}
  9094 | D:8      | Reached skill level 10 in Armour
  9247 | D:8      | Noticed Maurice
  9267 | D:8      | Killed Maurice
  9268 | D:8      | Reached skill level 10 in Polearms
  9492 | D:8      | Identified the +0 long sword "Wulatza" {pain, rElec rC-
                  | Will++ Dex+3}
 10224 | D:9      | Noticed a two-headed ogre
 10233 | D:9      | Killed a two-headed ogre
 10234 | D:9      | Reached skill level 11 in Polearms
 10398 | D:9      | Reached skill level 10 in Fighting
 10530 | D:9      | Reached XP level 11. HP: 101/101 MP: 8/8
 10577 | D:9      | Upgraded the game from 0.30-a0-1066-g63dfefce0d to
                  | 0.30-a0-1074-g5db6f66fbb
 10665 | D:9      | Found a blossoming altar of Fedhas.
 10780 | D:9      | Found a staircase to the Orcish Mines.
 10934 | D:9      | Noticed a two-headed ogre
 10941 | D:9      | Killed a two-headed ogre
 10952 | D:9      | Reached skill level 12 in Polearms
 11015 | D:9      | Noticed a two-headed ogre
 11026 | D:9      | Killed a two-headed ogre
 11100 | D:9      | Noticed a two-headed ogre
 11109 | D:9      | Killed a two-headed ogre
 11204 | D:9      | Noticed a two-headed ogre
 11207 | D:9      | Noticed a two-headed ogre
 11207 | D:9      | Noticed Erolcha
 11210 | D:9      | Killed a two-headed ogre
 11215 | D:9      | Killed a two-headed ogre
 11216 | D:9      | Reached skill level 13 in Polearms
 11237 | D:9      | Killed Erolcha
 11377 | D:10     | Entered Level 10 of the Dungeon
 11733 | D:10     | Reached ***** piety under Trog
 11734 | D:10     | Reached skill level 14 in Polearms
 11764 | D:10     | Noticed a two-headed ogre
 11765 | D:10     | Noticed a two-headed ogre
 11769 | D:10     | Killed a two-headed ogre
 11773 | D:10     | Killed a two-headed ogre
 11774 | D:10     | Reached XP level 12. HP: 110/110 MP: 9/9
 11778 | D:10     | Noticed a two-headed ogre
 11785 | D:10     | Killed a two-headed ogre
 11851 | D:10     | Noticed Fannar
 11866 | D:10     | Killed Fannar
 11938 | D:10     | Reached skill level 15 in Polearms
 12254 | D:11     | Noticed a two-headed ogre
 12258 | D:11     | Killed a two-headed ogre
 12955 | D:11     | Found a staircase to the Lair.
 13162 | D:12     | Found Neirhu's Magic Scroll Shoppe.
 13262 | D:12     | Bought a scroll of identify for 32 gold pieces
 13262 | D:12     | Bought a scroll of identify for 32 gold pieces
 13262 | D:12     | Bought a scroll of identify for 32 gold pieces
 13300 | D:12     | Found Zucakhit's Distillery.
 13318 | D:12     | Bought a potion of might for 60 gold pieces
 13318 | D:12     | Bought a potion of curing for 45 gold pieces
 13318 | D:12     | Bought a potion of curing for 45 gold pieces
 13344 | D:12     | Found Jadghixea's Antique Armour Boutique.
 13439 | D:12     | Noticed a two-headed ogre
 13444 | D:12     | Killed a two-headed ogre
 13671 | D:12     | Found a faded altar of an unknown god.
 13858 | D:12     | Reached skill level 16 in Polearms
 14079 | D:12     | Noticed Josephine
 14086 | D:12     | Killed Josephine
 14088 | D:12     | Found Keoneve's Weapon Emporium.
 14127 | D:12     | Reached XP level 13. HP: 95/122 MP: 10/10
 14193 | D:12     | Found Wiucemamu's Book Emporium.
 14232 | D:12     | Bought the +8 demon blade "Leech" {evervamp, Harm Drain
                  | rN+} for 1177 gold pieces
 14232 | D:12     | Found the +8 demon blade "Leech" {evervamp, Harm Drain rN+}
 14561 | D:13     | Found a runed translucent gate.
 14562 | D:13     | Found a runed translucent gate.
 14563 | D:13     | Found a runed translucent gate.
 14565 | D:13     | Found an opulent altar of Gozag.
 14566 | D:13     | Found Ixeuced's Assorted Antiques.
 14566 | D:13     | Noticed a storm dragon
 14566 | D:13     | Noticed Dordric's ghost (journeyman DsBe)
 14567 | D:13     | Noticed an ettin
 14568 | D:13     | Found Antuysoigo's Assorted Antiques.
 14620 | D:13     | Killed a storm dragon
 14642 | D:13     | HP: 4/122 [Dordric's ghost (15)]
 14646 | D:13     | Killed from afar by a meliai

Illustrated notes

Levels and vault maps discovered:
D:1:      psy_arrival_basics, layout_rooms,
          ebering_ecumenical_altar_sacrificial, minmay_misc_feat_secret_circle,
          nicolae_titane
D:2:      layout_rooms, serial_forest, infiniplex_forest_fountain,
          infiniplex_forest_join, infiniplex_forest_lined_1,
          infiniplex_forest_clump_double, infiniplex_forest_lined_2,
          infiniplex_forest_clump_medium, infiniplex_forest_straight_2,
          infiniplex_forest_clump_curved, uniq_natasha
D:3:      layout_basic, amcnicky_mini_corridor_feature, uniq_robin,
          uniq_grinder, uniq_terence
D:4:      layout_rooms, serial_glass, glass_columns_c, glass_columns_a,
          glass_columns_a, glass_columns_a, glass_columns_a, glass_columns_b,
          glass_columns_a, glass_columns_c, glass_columns_c, glass_columns_a
D:5:      minmay_clustersquares, layout_rooms, serial_shops, shop, uniq_sigmund
D:6:      minmay_general_purpose_star, layout_loops_ring, temple_doors_e,
          dreamdust_princess_bridge
D:7:      layout_loops_cross, grunt_ministairs_8
D:8:      minmay_goldmine, layout_rooms, nicolae_qazlal_eye_of_the_storm,
          serial_shops, nicolae_shop_advertising_works
          [nicolae_subvault_shop_adworks], enter_bailey_7, nicolae_diode_stairs,
          uniq_maurice
D:9:      lemuel_ogre_cave, layout_basic, fedhas_altar_1, erik_orc_1
D:10:     layout_loops_ring, grunt_livestock, uniq_fannar
D:11:     layout_basic, lair_entry_dummy, nicolae_lava_and_water
D:12:     layout_irregular_city, serial_shops, kennysheep_mini_moat, shop,
          nicolae_diamond_shop, shop_fountains, nicolae_shop_behind_doors,
          serial_column_ruins, column_ruins_temple_hut, column_ruins_open_tiny,
          column_ruins_grid_1, column_ruins_open_small, column_ruins_open_large,
          column_ruins_open_tiny, uniq_josephine
D:13:     layout_basic, ebering_ghost_gozag, minivault_16,
          minmay_strange_pillars

Skill      XL: |  1  2  3  4  5  6  7  8  9 10 11 12 |
---------------+-------------------------------------+-----
Fighting       | 4 5 6 8 10 11 13 | 13.5
Long Blades    | 4 5 6 7 |  7.6
Armour         | 3 4 5 6 8 9 11 12 14 | 14.5
Dodging        | 3 4 |  4.5
Polearms       | 1 6 9 11 14 16 | 16.2
Stealth        | 1 |  1.2

Action                     |  1- 3 |  4- 6 |  7- 9 | 10-12 | 13-15 || total
---------------------------+-------+-------+-------+-------+-------++-------
  Melee: Falchion          |    67 |   218 |    14 |       |       ||   299
         Headbutt          |    11 |    56 |    41 |   124 |    12 ||   244
         Punch             |       |     5 |     1 |       |       ||     6
         Halberd           |       |       |   272 |   531 |       ||   803
         Demon blade       |       |       |       |       |    45 ||    45
 Invoke: Berserk           |       |     8 |    17 |    20 |     2 ||    47
    Use: Scroll            |     3 |     7 |     9 |     5 |     3 ||    27
         Potion            |     1 |       |     5 |     4 |     3 ||    13
 Armour: Scale mail        |    31 |    69 |       |       |       ||   100
         Plate armour      |       |     4 |   250 |   288 |    81 ||   623
  Dodge: Dodged            |    37 |    65 |   141 |   178 |    30 ||   451

Table legend: (Time is in decaauts)
 A = Elapsed time spent in this place.
 B = Non-inter-level travel time spent in this place.
 C = Inter-level travel time spent in this place.
 D = Time resting spent in this place.
 E = Time spent auto-exploring this place.
 F = Levels seen in this place.
 G = Mean time per level.
                   A        B        C        D        E       F      G
               +--------+--------+--------+--------+--------+-----+--------+
         Total |  15516 |  15415 |    101 |   2806 |    259 |  14 | 1108.3 |
       Dungeon |  15122 |  15021 |    101 |   2775 |    259 |  13 | 1163.2 |
        Bailey |    393 |    393 |      0 |     30 |      0 |   1 |  393.0 |
               +--------+--------+--------+--------+--------+-----+--------+

Top non-repeatable levels by time:
     D:9: 1843 daAuts
     D:6: 1589 daAuts
     D:3: 1524 daAuts
    D:12: 1405 daAuts
     D:8: 1357 daAuts
     D:7: 1126 daAuts
     D:5: 1124 daAuts
    D:11: 1047 daAuts
     D:4: 1017 daAuts
     D:2: 988 daAuts
    D:10: 952 daAuts
     D:1: 895 daAuts
  Bailey: 393 daAuts
    D:13: 248 daAuts
